Map: Incorporeal LE

Players

SubN - Winner!

  • Race: Zerg Zerg
  • League: Diamond
  • Spawn Location: 11:00

Campbell

  • Race: Zerg Zerg
  • League: Platinum
  • Spawn Location: 5:00

VOD

Have the link to the VOD?

Description

Time

  • Played on: July 31, 2025, 12:22 p.m.
  • Length: 3:12
Show
View Real Time Build Order
Export as new Build Order

SubN Zerg - Winner!

Build Orders: Pool First 

Get SALT Encoding   

  12  0:00  Drone  
  13  0:08  Drone  
  14  0:16  Extractor  
  13  0:29  Spawning Pool  
  12  0:54  Hatchery  
  11  1:16  Queen  
  13  1:27  Metabolic Boost  
  13  1:36  Overlord  
  13  1:45  Zergling x2  
  14  1:57  Zergling x4  
  16  2:03  Zergling x2  
  17  2:10  Zergling x2  
  17  2:11  Zergling x2  
  19  2:21  Zergling x4  
  21  2:24  Zergling x2  
  21  2:25  Zergling x2  
  23  2:30  Zergling x2  
  24  2:45  Zergling x6  
  24  2:48  Zergling x2  
Show
View Real Time Build Order
Export as new Build Order

Campbell Zerg 

Build Orders: Hatch First 

Get SALT Encoding   

  12  0:00  Drone  
  13  0:12  Overlord  
  13  0:17  Drone  
  14  0:31  Drone x2  
  16  0:47  Hatchery  
  16  0:49  Drone  
  16  0:53  Drone  
  17  0:57  Drone  
  18  1:07  Extractor  
  17  1:12  Spawning Pool  
  17  1:15  Drone  
  17  1:19  Drone  
  18  1:28  Drone  
  19  1:39  Drone  
  20  1:49  Overlord  
  20  1:59  Queen x2  
  20  2:00  Zergling x2  
  20  2:01  Zergling x2  
  26  2:12  Drone  
  27  2:16  Zergling x2  
  28  2:24  Zergling x4  
  30  2:31  Overlord  
  30  2:32  Drone  
Tags
 
Add a new tag
Caveats
  • Supply blocks, unpowered buildings, or Contaminate may cause inaccurate times.
  • Supply counts are checked every 10 seconds.